 Dungeon Crawl Stone Soup version 0.30-a0-377-g5cb311bc9f (webtiles) character file.

Game seed: 17635243929968604431

23830 NinjaNoafa the Spry (level 12, -3/63 HPs)
             Began as a Felid Summoner on Nov 29, 2022.
             Was an Initiate of Gozag.
             Killed from afar by Jorgrun (28 damage)
             ... with a blast of rock fragments
             ... on level 2 of the Orcish Mines.
             The game lasted 01:04:09 (23206 turns).

NinjaNoafa the Spry (Felid Summoner)               Turns: 23206, Time: 01:04:10

Health: -3/63      AC:  3    Str:  8    XL:     12   Next: 75%
Magic:  0/27       EV: 37    Int: 19    God:    Gozag
Gold:   4482       SH:  0    Dex: 17    Spells: 9/31 levels left
                                        Lives:  0   Deaths: 3

rFire   + . .      SeeInvis +    (weapon unavailable)
rCold   + . .      Faith    .    (shield unavailable)
rNeg    . . .      Spirit   +    (body armour unavailable)
rPois   +          Reflect  .    (helmet unavailable)
rElec   .          Harm     .    (cloak unavailable)
rCorr   .          Rampage  .    (gloves unavailable)
Will    +....                    (boots unavailable)
Stlth   ++........               d - amulet of guardian spirit
HPRegen 0.30/turn                u - +4 ring of evasion
MPRegen 0.20/turn                E - +4 ring of evasion

@: quick
A: very small, claws 1, fangs 3, see invisible, speed 1, shaggy fur 3, stealthy
paws, no weapons or thrown items, no armour, multi-lived, fire resistance 1,
poison resistance, strong 1
a: Renounce Religion, Potion Petition, Call Merchant, Bribe Branch


You were on level 2 of the Orcish Mines.
You worshipped Gozag.
Gozag was most pleased with you.
You visited 4 branches of the dungeon, and saw 18 of its levels.

You collected 5019 gold pieces.
You spent 473 gold pieces at shops.
You paid 64 gold pieces to Gozag.

Inventory:

Jewellery
 d - an amulet of guardian spirit (around neck)
 j - a ring of willpower
 u - a +4 ring of evasion (left paw)
 E - a +4 ring of evasion (right paw)
Wands
 r - a wand of paralysis (26)
 w - a wand of mindburst (14)
 x - a wand of roots (28)
 y - a wand of polymorph (7)
 A - a wand of acid (17)
 H - a wand of digging (7)
Scrolls
 b - 2 scrolls of amnesia
 h - 8 scrolls of teleportation
 i - 4 scrolls of poison
 m - a scroll of torment
 n - 2 scrolls of silence
 o - 2 scrolls of fear
 q - 2 scrolls of magic mapping
 s - 5 scrolls of fog
 v - 2 scrolls of immolation {unknown}
 C - a scroll of summoning
Potions
 a - 2 potions of magic
 e - 3 potions of resistance
 f - 7 potions of heal wounds
 g - 3 potions of lignification
 k - 4 potions of curing
 l - 3 potions of berserk rage
 p - 2 potions of cancellation
 t - 5 potions of attraction
 z - a potion of degeneration
 B - a potion of brilliance
 D - 4 potions of might
 F - a potion of haste
 I - a potion of flight


   Skills:
 + Level 13.0 Fighting
 + Level 16.8 Dodging
 - Level 2.6 Stealth
 - Level 10.0 Spellcasting
 - Level 5.0 Hexes
 - Level 10.0 Summonings
 - Level 5.0 Translocations
 - Level 5.7 Transmutations
 - Level 7.3 Air Magic


You had 9 spell levels left.
You knew the following spells:

 Your Spells              Type           Power      Damage    Failure   Level
a - Summon Small Mammal   Summ           100%       N/A       1%          1
b - Call Imp              Summ           47%        N/A       1%          2
c - Call Canine Familiar  Summ           47%        N/A       1%          3
d - Summon Guardian Gole  Hex/Summ       38%        N/A       1%          3
e - Summon Lightning Spi  Summ/Air       42%        N/A       1%          4
f - Blink                 Tloc           56%        N/A       1%          2
g - Confusing Touch       Hex            28%        N/A       2%          3
h - Slow                  Hex            100%       N/A       1%          1
i - Teleport Other        Tloc           28%        N/A       2%          3

Your spell library contained the following spells:

 Spells                   Type           Power      Damage    Failure   Level
 Beastly Appendage        Tmut           62%        N/A       1%          1
 Wereblood                Tmut           31%        N/A       1%          2
 Gell's Gravitas          Tloc           28%        N/A       2%          3
 Spider Form              Tmut/Pois      20%        N/A       7%          3
 Foxfire                  Conj/Fire      36%        2x1d5     8%          1
 Dazzling Flash           Conj/Hex       38%        N/A       8%          3
 Manifold Assault         Tloc           28%        N/A       10%         4
 Summon Ice Beast         Ice/Summ       28%        N/A       10%         4
 Silence                  Hex/Air        16%        N/A       16%         5
 Frozen Ramparts          Ice            18%        1d3       22%         3
 Vampiric Draining        Necr           9%         2d6       22%         3
 Ice Form                 Ice/Tmut       20%        N/A       22%         4
 Iskenderun's Mystic Bla  Conj/Tloc      19%        2d6       26%         4
 Dispersal                Tloc           14%        N/A       82%         6
 Agony                    Necr           9%         N/A       90%         5
 Fireball                 Conj/Fire      4%         3d4       90%         5
 Storm Form               Tmut/Air       17%        N/A       99%         7
 Starburst                Conj/Fire      4%         6d4       100%        6
 Borgnjor's Revivificati  Necr           4%         N/A       100%        8
 Maxwell's Capacitive Co  Air            18%        ∞         100%        8
 Necromutation            Tmut/Necr      10%        N/A       100%        8
 Death's Door             Necr           4%         N/A       100%        9


Dungeon Overview and Level Annotations

Branches:
Dungeon (10/15)            Temple (1/1) D:4            Lair (5/5) D:10
 Shoals (0/4) Lair:2       Spider (0/4) Lair:2        Slime (0/5) Lair:4
    Orc (2/2) D:10
    Elf: Orc:2

Altars:
Ashenzari
Cheibriados
Dithmenos
Elyvilon
Fedhas
Gozag
Hepliaklqana
Kikubaaqudgha
Makhleb
Nemelex Xobeh
Okawaru
Qazlal
Ru
Sif Muna
Trog
Uskayaw
Vehumet
Wu Jian
Xom
Yredelemnul
Zin
The Shining One
Jiyva

Shops:
D:9 [   Orc:2 *!

Annotations:
Lair:1 3 runed translucent doors, Amyuvoew's ghost, novice MiFi
Lair:4 exclusion: 3 oklob plants
Orc:2 Jorgrun


Innate Abilities, Weirdness & Mutations

You have sharp claws.
You have razor-sharp teeth.
You have supernaturally acute eyesight. (SInv)
You cover ground quickly. (Speed+)
Your thick and shaggy fur keeps you warm. (AC +3, rC+)
Your paws help you pounce on unaware monsters.
You are incapable of wielding weapons or throwing items.
You cannot wear armour.
You gain extra lives every three experience levels.
Your flesh is heat resistant. (rF+)
Your system is resistant to poisons. (rPois)
Your muscles are strong. (Str +4, Int/Dex -1)


Message History

t - Meow!
Orders for allies: a - Attack new target. r - Retreat! s - Stop attacking. g - Guard the area. f - Follow me.
Anything else - Cancel.
Gang up on whom?
Press: ? - help, Dir - move target, f - warg
Aim: a warg (moderately wounded, ally target) Attack!
The warg completely misses you. The warg misses you.
The warg completely misses you.
Some rock shatters into small pieces.
The warg completely misses you. The warg completely misses you.
The warg completely misses you.
An ogre comes into view. It is wielding a +0 giant spiked club.
Jorgrun casts a spell at you.
Roots burst forth from the earth!
The grasping roots grab you! The grasping roots constrict you!
The ogre shouts!
You scratch the warg but do no damage.
The warg is lightly wounded.
The warg bites you! x2
Jorgrun points at you and mumbles some strange words.
The iron shot misses you. The grasping roots constrict you!
The roots grasp on you weakens, but your attempt to escape fails.
The warg completely misses you.
Your lightning spire shoots out a bolt of lightning at the warg!
The bolt of electricity hits the warg!
Jorgrun gestures at the rock wall while chanting.
Some rock shatters into small pieces.
The grasping roots constrict you!
You escape the roots grasp.
The warg completely misses you.
Your lightning spire shoots out a bolt of lightning at the warg!
The bolt of electricity hits the warg!
There is a stone staircase leading up here.
The warg bites your lightning spire! Jorgrun casts a spell next to you.
The wall shatters!
The blast of rock fragments hits you!!!
You die...
Your body crumbles into a pile of gold.

##......................
....................O...
....................#..
..[..[......#......O.#
.........[........#.#
...[.............#..##
...........#.........#
...#.............#..##
...#........g..h@.###
.......[.##...8....#
................####
.........##.#..##
.)......#####...#
[........##.#..#
.#.g#.h........##
......[[..<.....#
.#.##[.........###


You could see Jorgrun, a warg (distracted, ally target), an ogre and a friendly
lightning spire (summoned).

Vanquished Creatures
  Erolcha (D:9)
  A wyvern (Lair:4)
  An orc priest (D:5)
  2 rats
5 creatures vanquished.

Vanquished Creatures (collateral kills)
  2 hydras
  A merfolk avatar (Lair:5)
  Erica (D:9)
  6 death yaks
  4 orc high priests (Orc:2)
  3 sea snakes (Lair:5)
  A harpy (Lair:5)
  Pikel (D:9)
  A lindwurm (Lair:4)
  An orc knight (Orc:1)
  An orc sorcerer (Orc:1)
  A manticore (Lair:5)
  A moth of wrath (shapeshifter) (D:9)
  5 black mambas
  7 elephants
  Maggie (Lair:1)
  8 cane toads
  5 rime drakes
  3 komodo dragons
  A hornet (Lair:5)
  A troll (D:10)
  3 polar bears (Lair:5)
  18 blink frogs
  A wind drake (Lair:5)
  4 dream sheep (Lair:4)
  A snapping turtle (Lair:5)
  A wraith (D:10)
  19 yaks
  3 wyverns
  5 steam dragons
  5 wargs
  An acid dragon (D:10)
  7 water moccasins
  2 sky beasts
  9 orc warriors
  2 ice beasts
  4 ogres
  17 wolves
  4 centaurs
  A lemure (D:9)
  A phantom (D:7)
  2 necrophages (D:3)
  7 bullfrogs
  2 scorpions
  3 wights (D:8)
  3 killer bees (D:10)
  An electric eel (Lair:1)
  8 howler monkeys
  5 hounds
  21 orc priests
  A jelly (D:5)
  A gnoll bouda (D:9)
  11 orc wizards
  A nameless horror (D:10)
  9 gnolls
  7 adders
  2 white imps
  2 ufetubi
  3 dart slugs
  55 orcs
  6 bats
  8 endoplasms
  2 giant cockroaches
  4 goblins
  4 hobgoblins
  2 jackals (D:3)
  7 quokkas
  3 ball pythons
  5 frilled lizards
  2 kobolds (D:1)
  8 rats
358 creatures vanquished.

Vanquished Creatures (others)
  A death yak (Lair:4)
  Nergalle (Lair:1)
  Amaemon (Lair:2)
  An elephant (Lair:3)
  An orange demon (Lair:2)
  A rime drake (Lair:1)
  A komodo dragon (Lair:1)
  A hornet (D:10)
  A polar bear (Lair:4)
  2 trolls (D:9)
  Prince Ribbit (Lair:3)
  4 blink frogs
  A centaur simulacrum (D:10)
  A wyvern (Lair:1)
  10 yaks
  Edmund (D:6)
  A water moccasin (D:6)
  An orc warrior (D:9)
  An ice beast (D:6)
  A centaur (Lair:2)
  3 ogres (D:6)
  A phantom (D:6)
  A howler monkey (D:6)
  An iguana (D:6)
  2 shadow imps (D:6)
  26 fungi
  79 plants
146 creatures vanquished.

Grand Total: 509 creatures vanquished

Notes
Turn   | Place    | Note
-------+----------+-------------------------------------------
     0 | D:1      | NinjaNoafa the Felid Summoner began the quest for the Orb.
     0 | D:1      | Reached XP level 1. HP: 7/7 MP: 4/4
   242 | D:1      | Reached XP level 2. HP: 11/11 MP: 4/6
  1030 | D:2      | Reached XP level 3. HP: 14/14 MP: 5/8
  1037 | D:2      | Learned a level 2 spell: Call Imp
  1041 | D:2      | Learned a level 3 spell: Call Canine Familiar
  1133 | D:2      | Identified the +2 sling "Jugh" {freeze, rPois rN+ rCorr
                  | Int-3 Dex+3}
  2050 | D:3      | Found a faded altar of an unknown god.
  2133 | D:3      | Found a glowing silver altar of Zin.
  2411 | D:3      | Noticed a necrophage
  2437 | D:3      | Killed a necrophage
  2438 | D:3      | Reached skill level 5 in Summonings
  2438 | D:3      | Reached XP level 4. HP: 18/18 MP: 2/10
  2539 | D:3      | Learned a level 3 spell: Summon Guardian Golem
  2856 | D:3      | Reached XP level 5. HP: 21/21 MP: 8/11
  3060 | D:4      | Reached skill level 1 in Hexes
  3366 | D:4      | Gained mutation: You are covered in thick fur. (AC +2)
                  | [Felid growth]
  3366 | D:4      | Reached XP level 6. HP: 12/24 MP: 2/13
  4023 | D:4      | Found a staircase to the Ecumenical Temple.
  4041 | Temple   | Entered the Ecumenical Temple
  4356 | Temple   | Became a worshipper of Gozag Ym Sagoz the Greedy
  4411 | D:5      | Entered Level 5 of the Dungeon
  4834 | D:5      | Reached XP level 7. HP: 27/27 MP: 8/15
  4958 | D:5      | Reached skill level 5 in Spellcasting
  4958 | D:5      | Reached skill level 5 in Hexes
  5363 | D:5      | HP: 1/27 [orc priest/divine providence (12)]
  5371 | D:5      | Killed from afar by an orc priest
  5372 | D:5      | Reached XP level 6. HP: -7/24 MP: 11/14
  5650 | D:5      | You fall into a shaft and drop 1 floor!
  5766 | D:6      | Noticed an ice beast
  5920 | D:6      | Found a hazy altar of Hepliaklqana.
  5954 | D:6      | Reached XP level 7. HP: 27/27 MP: 11/16
  6646 | D:6      | Reached XP level 8. HP: 29/31 MP: 17/19
  7066 | D:6      | Found a basalt altar of Yredelemnul.
  7072 | D:6      | Learned a level 4 spell: Summon Lightning Spire
  7113 | D:6      | Noticed Edmund
  7146 | D:6      | Killed Edmund
  7147 | D:6      | Reached skill level 1 in Air Magic
  8397 | D:7      | Found a stormy altar of Qazlal.
  8397 | D:7      | Found an ancient bone altar of Kikubaaqudgha.
  8399 | D:7      | Found an iron altar of Okawaru.
  8401 | D:7      | Found a shimmering blue altar of Sif Muna.
  8623 | D:8      | Reached XP level 9. HP: 34/34 MP: 16/21
  8910 | D:8      | Learned a level 3 spell: Confusing Touch
  9335 | D:9      | Noticed Pikel
  9348 | D:9      | Killed Pikel
  9501 | D:9      | Noticed a troll
  9510 | D:9      | Noticed Erolcha
  9510 | D:9      | Killed a troll
  9539 | D:9      | Killed Erolcha
  9540 | D:9      | Reached skill level 10 in Summonings
  9540 | D:9      | Reached skill level 5 in Air Magic
  9620 | D:9      | Found a hide-covered altar of Uskayaw.
  9624 | D:9      | Found a blossoming altar of Fedhas.
  9675 | D:9      | Noticed a troll
  9686 | D:9      | Killed a troll
  9687 | D:9      | Reached XP level 10. HP: 37/37 MP: 17/23
  9846 | D:9      | Noticed Erica
  9934 | D:9      | a tarantella changed into a moth of wrath
  9934 | D:9      | Noticed a moth of wrath (shapeshifter)
  9938 | D:9      | Killed a moth of wrath
 10178 | D:9      | Found Ostribb's Antique Armour Shop.
 10221 | D:9      | Killed Erica
 10337 | D:9      | Found a broken altar of Ashenzari.
 10443 | D:10     | Entered Level 10 of the Dungeon
 10673 | D:10     | Learned a level 2 spell: Blink
 10676 | D:10     | Reached skill level 10 in Spellcasting
 10955 | D:10     | Reached skill level 1 in Fighting
 10955 | D:10     | Reached skill level 3 in Dodging
 11130 | D:10     | Reached skill level 4 in Dodging
 11201 | D:10     | Reached skill level 5 in Dodging
 11212 | D:10     | Reached XP level 11. HP: 45/45 MP: 8/26
 11406 | D:10     | Found a staircase to the Lair.
 11764 | D:10     | Found a staircase to the Orcish Mines.
 11954 | Lair:1   | Entered Level 1 of the Lair of Beasts
 12158 | Lair:1   | Reached skill level 9 in Dodging
 12158 | Lair:1   | Gained mutation: Your thick and shaggy fur keeps you warm.
                  | (AC +3, rC+) [Felid growth]
 12158 | Lair:1   | Reached XP level 12. HP: 53/53 MP: 27/27
 12161 | Lair:1   | Noticed Nergalle
 12173 | Lair:1   | Killed Nergalle
 12175 | Lair:1   | Noticed Maggie
 12198 | Lair:1   | Killed Maggie
 12209 | Lair:1   | Reached skill level 5 in Transmutations
 12608 | Lair:1   | Reached skill level 10 in Dodging
 12709 | Lair:1   | Found a runed translucent gate.
 12710 | Lair:1   | Found a runed translucent gate.
 12710 | Lair:1   | Found a runed translucent gate.
 12714 | Lair:1   | Noticed Amyuvoew's ghost (novice MiFi)
 13009 | Lair:2   | Found a hole to the Spider Nest.
 13406 | Lair:2   | Noticed a five-headed hydra
 13440 | Lair:2   | Killed a five-headed hydra
 13617 | Lair:2   | Found a staircase to the Shoals.
 13635 | Lair:2   | Reached skill level 11 in Dodging
 13803 | Lair:2   | Noticed Amaemon
 13814 | Lair:2   | Killed Amaemon
 14680 | Lair:3   | Reached skill level 12 in Dodging
 15518 | Lair:3   | Noticed Prince Ribbit
 15558 | Lair:3   | Reached skill level 13 in Dodging
 15583 | Lair:3   | Killed Prince Ribbit
 15590 | Lair:3   | Reached skill level 10 in Fighting
 15650 | Lair:3   | Reached XP level 13. HP: 33/61 MP: 4/28
 16653 | Lair:3   | Killed from afar by a rime drake
 16654 | Lair:3   | Reached XP level 12. HP: -5/58 MP: 0/27
 16755 | Lair:4   | Reached skill level 14 in Dodging
 16848 | Lair:4   | Noticed a death yak
 16848 | Lair:4   | Noticed a death yak
 16857 | Lair:4   | Noticed a death yak
 16879 | Lair:4   | Noticed a death yak
 16891 | Lair:4   | Killed a death yak
 16898 | Lair:4   | Killed a death yak
 16898 | Lair:4   | Killed a death yak
 16907 | Lair:4   | Noticed an eight-headed hydra
 16914 | Lair:4   | Killed an eight-headed hydra
 16916 | Lair:4   | Killed a death yak
 17952 | Lair:4   | Identified a scroll of acquirement
 17952 | Lair:4   | Acquired 690 gold pieces
 17966 | Lair:4   | Reached skill level 15 in Dodging
 18000 | Lair:4   | Found a viscous altar of Jiyva.
 18001 | Lair:4   | Found a staircase to the Slime Pits.
 18004 | Lair:4   | Learned a level 1 spell: Slow
 18116 | Lair:4   | Learned a level 3 spell: Teleport Other
 18513 | Lair:5   | Entered Level 5 of the Lair of Beasts
 18994 | Lair:5   | Reached XP level 13. HP: 64/64 MP: 22/28
 19072 | Lair:5   | Reached skill level 5 in Translocations
 19656 | Lair:5   | Reached skill level 16 in Dodging
 20950 | Orc:1    | Entered Level 1 of the Orcish Mines
 22038 | Orc:2    | Entered Level 2 of the Orcish Mines
 23023 | Orc:2    | Found Jaihemiw's General Store.
 23023 | Orc:2    | Found Bupe's Distillery.
 23029 | Orc:2    | Bought a scroll of fog for 68 gold pieces
 23029 | Orc:2    | Bought a wand of paralysis (7) for 285 gold pieces
 23038 | Orc:2    | Bought a potion of brilliance for 40 gold pieces
 23038 | Orc:2    | Bought a potion of heal wounds for 50 gold pieces
 23038 | Orc:2    | Bought a potion of curing for 30 gold pieces
 23038 | Orc:2    | Gained mutation: Your muscles are strong. (Str +4, Int/Dex
                  | -1) [potion of mutation]
 23039 | Orc:2    | Lost mutation: Your muscles are strong. (Str +4, Int/Dex
                  | -1) [potion of mutation]
 23039 | Orc:2    | Gained mutation: Your system is resistant to poisons.
                  | (rPois) [potion of mutation]
 23039 | Orc:2    | Gained mutation: Your flesh is heat resistant. (rF+)
                  | [potion of mutation]
 23039 | Orc:2    | Gained mutation: Your muscles are strong. (Str +4, Int/Dex
                  | -1) [potion of mutation]
 23064 | Orc:2    | Noticed Jorgrun
 23119 | Orc:2    | Killed from afar by Jorgrun
 23120 | Orc:2    | Reached XP level 12. HP: -17/63 MP: 0/27
 23206 | Orc:2    | Killed from afar by Jorgrun

Illustrated notes

Levels and vault maps discovered:
D:1:      lemuel_arrival_river_ford, layout_loops_cross, minmay_3d_cube
D:2:      layout_basic, dreamdust_mushroom_princess
D:3:      layout_loops_ring, zin_scriptorium,
          hellmonk_ecumenical_altar_crossroads
D:4:      layout_rooms, minmay_temple_entry_trees
D:5:      layout_loops_corners
D:6:      layout_loops_ring, mainiacjoe_overflow_swirl,
          kennysheep_opposing_triangles, uniq_edmund
D:7:      layout_basic, minitemple
D:8:      layout_basic
D:9:      layout_roguey, grunt_temple_overflow_open, evilmike_ruin_ashenzari,
          serial_shops, shop, uniq_pikel, uniq_erica, uniq_erolcha
D:10:     layout_loops_ring, dpeg_oklobed_lair, orc_0_dummy, nicolae_sextant,
          minmay_diced_spiral
Temple:   minmay_temple_forest_path
Lair:1:   layout_chaotic_city, gammafunk_ghost_necromancy, serial_bayou_shore_b,
          grunt_megastairs_1, infiniplex_staircase_pool, serial_bayou_shore_a,
          uniq_maggie, uniq_nergalle
Lair:2:   layout_cave_pods, minmay_shoals_entry_centaurs, dummy_spider_entry,
          minivault_25, chequers_serial_rivers_micro_a, grunt_megastairs_4,
          uniq_amaemon
Lair:3:   beast_lair_carwin_large_4, layout_cave_pods, uniq_prince_ribbit2
Lair:4:   dpeg_oklob_gauntlet, layout_concentric_octagons, slime_entry_1,
          serial_bayou_ford_a
Lair:5:   gammafunk_lair_ancient_temple, layout_regular_city
Orc:1:    layout_caves, basic_altar
Orc:2:    st_orc_town, layout_caves, mines2_david, uniq_nessos, uniq_jorgrun

Skill      XL: |  1  2  3  4  5  6  7  8  9 10 11 12 13 |
---------------+----------------------------------------+-----
Spellcasting   | 3 4 6 7 8 10 | 10.0
Summonings     | 5 7 8 9 10 | 10.0
Hexes          | 2 4 5 |  5.0
Air Magic      | 2 5 7 |  7.3
Translocations | 3 4 5 |  5.0
Fighting       | 3 6 11 13 | 13.0
Dodging        | 5 9 15 16 | 16.8
Transmutations | 4 5 |  5.7
Stealth        | |  2.6

Action                   |  1- 3 |  4- 6 |  7- 9 | 10-12 | 13-15 || total
-------------------------+-------+-------+-------+-------+-------++-------
Melee: Unarmed           |     7 |     7 |     3 |    40 |    12 ||    69
       Bite              |       |     2 |       |     7 |     4 ||    13
       Punch             |       |       |     1 |     1 |       ||     2
 Cast: Summon Small Mamm |    55 |    42 |    32 |    77 |    39 ||   245
       Call Canine Famil |     9 |    24 |    25 |    38 |    31 ||   127
       Call Imp          |     6 |    15 |    19 |    23 |    22 ||    85
       Summon Guardian G |       |     3 |    23 |    40 |     2 ||    68
       Summon Lightning  |       |       |     8 |    70 |    66 ||   144
       Confusing Touch   |       |       |     1 |     7 |     4 ||    12
       Blink             |       |       |       |     4 |     1 ||     5
       Teleport Other    |       |       |       |     1 |     4 ||     5
       Slow              |       |       |       |     1 |     2 ||     3
Evoke: Wand              |       |     1 |     4 |       |       ||     5
  Use: Potion            |       |     1 |     1 |     1 |     3 ||     6
       Scroll            |       |       |    16 |     7 |     2 ||    25
 Stab: Sleeping          |     1 |       |       |       |       ||     1
       Paralysed         |       |     4 |       |       |       ||     4
       Betrayed ally     |       |       |       |     1 |       ||     1
Armor: Skin              |     1 |     8 |       |     5 |    10 ||    24
Dodge: Dodged            |    28 |    41 |    30 |   378 |   259 ||   736

Table legend: (Time is in decaauts)
 A = Elapsed time spent in this place.
 B = Non-inter-level travel time spent in this place.
 C = Inter-level travel time spent in this place.
 D = Time resting spent in this place.
 E = Time spent auto-exploring this place.
 F = Levels seen in this place.
 G = Mean time per level.
                   A        B        C        D        E       F      G
               +--------+--------+--------+--------+--------+-----+--------+
         Total |  20760 |  19851 |    909 |     48 |  14732 |  18 | 1153.3 |
       Dungeon |  11043 |  10540 |    503 |     48 |   7758 |  10 | 1104.3 |
        Temple |    292 |    224 |     68 |      0 |    212 |   1 |  292.0 |
          Lair |   8046 |   7760 |    286 |      0 |   5900 |   5 | 1609.2 |
  Orcish Mines |   1377 |   1326 |     51 |      0 |    860 |   2 |  688.5 |
               +--------+--------+--------+--------+--------+-----+--------+

Top non-repeatable levels by time:
    D:10: 2119 daAuts
  Lair:4: 2043 daAuts
  Lair:3: 1793 daAuts
  Lair:5: 1774 daAuts
  Lair:2: 1467 daAuts
     D:6: 1408 daAuts
     D:5: 1233 daAuts
     D:3: 1208 daAuts
     D:7: 1043 daAuts
   Orc:2: 1022 daAuts
     D:9: 1011 daAuts
  Lair:1: 968 daAuts
     D:1: 857 daAuts
     D:2: 786 daAuts
     D:4: 721 daAuts
